 Dungeon Crawl Stone Soup version 0.21-a0-113-g6841d05 (webtiles) character file.

40 Geomchi the Stinger (level 3, -2/21 HPs)
             Began as an Octopode Venom Mage on July 12, 2017.
             Slain by a gnoll
             ... wielding a +0 halberd
              (15 damage)
             ... on level 2 of the Dungeon.
             The game lasted 00:01:22 (1705 turns).

Geomchi the Stinger (Octopode Venom Mage)           Turns: 1705, Time: 00:01:23

Health: -2/21      AC:  1    Str:  7    XL:     3   Next: 50%
Magic:  0/6        EV: 13    Int: 18    God:
Gold:   55         SH:  0    Dex: 12    Spells: 3/6 levels left

rFire    . . .     SeeInvis .   c - +0 spear
rCold    . . .     Gourm    .   (no shield)
rNeg     . . .     Faith    .   (helmet restricted)
rPois    .         Spirit   .   (no amulet)
rElec    .         Reflect  .   (no ring)
rCorr    .         Harm     .   (no ring)
MR       .....                  (no ring)
Stlth    +++.......             (no ring)
HPRegen  0.07/turn              (no ring)
MPRegen  0.10/turn              (no ring)
                                (no ring)
                                (no ring)

@: very slightly contaminated
A: almost no armour, stealthy swim, amphibious, 8 rings, constrict 8, camouflage
1, gelatinous body 1
a: no special abilities


You were on level 2 of the Dungeon.
You were not hungry.

You visited 1 branch of the dungeon, and saw 2 of its levels.

You collected 55 gold pieces.

Inventory:

Hand Weapons
 c - a +0 spear (weapon)
Scrolls
 e - 2 scrolls of amnesia {unknown}
 f - a scroll of identify {unknown}
Books
 a - a Young Poisoner's Handbook

   Spells                             Type                      Level
   a - Sting                          Conjuration/Poison           1
   b - Poisonous Vapours              Poison/Air                   2
   c - Mephitic Cloud                 Conjuration/Poison/Air       3
   d - Olgreb's Toxic Radiance        Poison                       4
   e - Venom Bolt                     Conjuration/Poison           5
Comestibles
 b - a bread ration {@e1}
 d - 2 fruits


   Skills:
 - Level 2.0 Dodging
 - Level 2.6 Stealth
 + Level 2.3 Spellcasting
 * Level 2.5 Conjurations
 + Level 4.1 Poison Magic


You had 3 spell levels left.
You knew the following spells:

 Your Spells              Type           Power        Failure   Level  Hunger
a - Sting                 Conj/Pois      ##..         4%          1    #......
b - Poisonous Vapours     Pois/Air       #.....       12%         2    ##.....


Dungeon Overview and Level Annotations

Branches:
Dungeon (2/15)

Altars:


Innate Abilities, Weirdness & Mutations

You cannot wear most types of armour.
You are very stealthy in the water. (Stealth+)
You are amphibious.
You can wear up to eight rings at the same time.
You can use your tentacles to constrict eight enemies at once.
Your skin changes colour to match your surroundings (Stealth+).
Your rubbery body absorbs attacks. (AC +1, EV +1)


Message History

You don't have enough magic to cast that spell.
You don't have enough magic to cast that spell.
You don't have enough magic to cast that spell.
You don't have enough magic to cast that spell.
You see here a rat corpse.
You butcher the rat corpse.
Things that are here:
a chunk of flesh {@w0}; a rat skeleton Eat a chunk of flesh {@w0}? (ye/n/q)
You eat the chunk of flesh {@w0}.
Aim: a gnoll, wielding a halberd (severely wounded)
The sting hits the gnoll.
The gnoll is poisoned.
The gnoll hits you from afar with a spear!
You take 8 damage, and have 13/21 hp.
MASSIVE DAMAGE!!
You now have 0/6 mp.
You don't have enough magic to cast that spell.
You don't have enough magic to cast that spell.
You don't have enough magic to cast that spell.
The gnoll hits you from afar with a halberd!
Ouch! That really hurt!
You die...

######## ... #......#
.... #......#
...######......#
##.............########
#......................
#..........############
#..........#
#.....@....#
#...g÷.....######
#...g...........#
#...............#
#.#######.......# #.#
#.......# #.# #.......#
#g# #.......# #.#
#########


You could see 2 gnolls.

Vanquished Creatures
  A gnoll (D:2)
  A dart slug (D:1)
  3 leopard geckos (D:1)
  3 bats (D:1)
  3 giant cockroaches (D:1)
  A goblin (D:1)
  3 hobgoblins (D:1)
  2 kobolds (D:1)
  3 ball pythons (D:1)
  3 frilled lizards
  4 rats
27 creatures vanquished.

Notes
Turn   | Place    | Note
-------+----------+-------------------------------------------
     0 | D:1      | Geomchi the Octopode Venom Mage began the quest for the Orb.
     0 | D:1      | Reached XP level 1. HP: 11/11 MP: 3/3
   304 | D:1      | Reached XP level 2. HP: 17/17 MP: 0/5
  1156 | D:1      | Reached XP level 3. HP: 21/21 MP: 4/6
  1222 | D:1      | Learned a level 2 spell: Poisonous Vapours
  1614 | D:2      | Reached skill level 4 in Poison Magic
  1705 | D:2      | Slain by a gnoll

Vault maps used:
D:1:      dpeg_arrival_circle_labyrinth_a, serial_forest,
          infiniplex_forest_side_room, infiniplex_forest_join,
          infiniplex_forest_lined_4_way, infiniplex_forest_zigzag_1,
          infiniplex_forest_lined_room_3, infiniplex_forest_lined_corner,
          infiniplex_forest_clump_small
D:2:      minitemple, minivault_5, nemelex_lonely_heart_becter, uniq_sigmund

Skill      XL: |  1  2  3 |
---------------+----------+-----
Conjurations   | 2 |  2.5
Poison Magic   | 4 |  4.1
Dodging        | |  2.0
Stealth        | |  2.6
Spellcasting   | |  2.3

Action                   || total
-------------------------++-------
Melee: Spear             ||     3
       Constrict         ||     1
 Cast: Sting             ||    50
       Poisonous Vapours ||     6
  Eat: Chunk             ||     3
Armor: Skin              ||     2
Dodge: Dodged            ||     5
